 Dungeon Crawl Stone Soup version 0.31.0-1-g2c135a0 (webtiles) character file.

Game seed: 2393308167775909939

1642 TobyRickard the Trooper (level 8, -6/109 HPs)
             Began as a Minotaur Berserker on Mar 20, 2024.
             Was an Elder of Trog.
             Engulfed by a steam dragon's steam (11 damage)
             ... on level 5 of the Dungeon.
             The game lasted 00:08:26 (3606 turns).

TobyRickard the Trooper (Minotaur Berserker)        Turns: 3606, Time: 00:08:27

Health: -6/109     AC:  3    Str: 24    XL:     8   Next: 67%
Magic:  7/7        EV: 18    Int:  4    God:    Trog [****..]
Gold:   197        SH:  0    Dex: 10    Spells: 7/7 levels left

rFire   . . .        k - +0 scythe
rCold   . . .        (shield currently unavailable)
rNeg    . . .        j - +0 leather armour
rPois   .            (helmet restricted)
rElec   .            (no cloak)
rCorr   +            (no gloves)
SInv    .            (no boots)
Will    .....        (no amulet) Stlth
                     h - +5 ring of evasion
HPRegen 0.38/turn    x - ring of resist corrosion
MPRegen 0.10/turn

%: no passive effects
@: berserking, very quick
A: horns 2, retaliatory headbutt
a: Renounce Religion, Berserk, Trog's Hand, Brothers in Arms


You were on level 5 of the Dungeon.
You worshipped Trog.
Trog was greatly pleased with you.
You visited 1 branch of the dungeon, and saw 5 of its levels.
You also visited: Sewer and Ossuary.

You collected 197 gold pieces.

Inventory:

Hand Weapons
 k - a +0 scythe (weapon)
Armour
 b - a +0 animal skin
 j - a +0 leather armour (worn)
Jewellery
 h - a +5 ring of evasion (left hand)
 x - a ring of resist corrosion (right hand)
Wands
 q - a wand of paralysis (20)
 r - a wand of digging (4)
 s - a wand of iceblast (5)
Scrolls
 a - 4 scrolls of teleportation {unknown}
 c - a scroll of immolation {unknown}
 f - 8 scrolls of identify {unknown}
 n - 2 scrolls of blinking {unknown}
 o - a scroll of poison {unknown}
 p - 3 scrolls of noise {unknown}
 v - a scroll of vulnerability {unknown}
 w - a scroll of brand weapon {unknown}
Potions
 d - a potion of resistance {unknown}
 e - 5 potions of heal wounds {unknown}
 g - 2 potions of brilliance {unknown}
 i - 3 potions of might {unknown}
 l - 4 potions of attraction {unknown}
 m - 2 potions of cancellation {unknown}
 t - 2 potions of berserk rage {unknown}
 u - a potion of degeneration {unknown}


   Skills:
 + Level 7.5 Fighting
 + Level 7.5 Polearms
 + Level 6.9 Armour
 + Level 6.4 Dodging


You had 7 spell levels left.
You didn't know any spells.
Your spell library was empty.

Dungeon Overview and Level Annotations

Branches:
Dungeon (5/15)              Sewer (visited)         Ossuary (visited)
 Temple: D:4-7

Altars:
Ashenzari
Kikubaaqudgha
Xom

Shops:
D:1 (!*(   D:2 (

Annotations:
D:1 2 transporters


Innate Abilities, Weirdness & Mutations

You have a pair of horns on your head.
You reflexively headbutt those who attack you in melee.


Message History

The ball of steam hits you!
You slash the orc!
You kill the orc!
Trog accepts your kill.
You are engulfed in a cloud of scalding steam.
No reachable target in view!
No reachable target in view!
No reachable target in view!
No reachable target in view!
Unknown command.
No reachable target in view!
No reachable target in view!
You are engulfed in a cloud of scalding steam.
Things that are here:
a +0 club; a +0 whip; an orc corpse The steam dragon misses you.
The steam dragon barely misses you.
You hit the steam dragon.
The steam dragon is lightly wounded.
You are engulfed in a cloud of scalding steam.
The steam dragon misses you. The steam dragon claws you.
You are too injured to fight recklessly!
You are too injured to fight recklessly!
You are too injured to fight recklessly!
You are too injured to fight recklessly!
You barely miss the steam dragon. You headbutt the steam dragon.
The steam dragon is moderately wounded.
The steam dragon closely misses you. You furiously retaliate!
You headbutt the steam dragon!
The steam dragon claws you but does no damage.
The steam dragon completely misses you. The steam dragon misses you.
You closely miss the steam dragon.
You headbutt the steam dragon, but do no damage.
The steam dragon is heavily wounded.
The steam dragon breathes steam at you. The ball of steam hits you!!
* * * LOW HITPOINT WARNING * * *
A red film seems to cover your vision as you go berserk!
You feel yourself moving faster!
You feel mighty!
You are engulfed in a cloud of scalding steam.
You die...

. .. .#..
#..#
.######..
......[..
........#
........##
......D@ยง##
.......)<.#
.#......)..#
##.....$.##
##.....##
##...##
##..# ....
##...


You could see a steam dragon (catching breath).

Vanquished Creatures
  The ghost of samurai2 the Trooper, an amateur MiFi of Hepliaklqana (D:4)
  Sigmund (D:3)
  Edmund (D:4)
  A phantom (D:2)
  A weeping skull (Ossuary)
  Blork the orc (D:4)
  A scorpion (D:4)
  8 water moccasin zombies
  A bullfrog skeleton (D:4)
  A centaur skeleton (D:4)
  A hound (D:4)
  An orc priest (D:5)
  Ijyb (D:4)
  A hell rat (Sewer)
  A crocodile zombie (Ossuary)
  A bullfrog simulacrum (Ossuary)
  2 mummies (Ossuary)
  Robin (D:2)
  8 adders
  2 adder zombies (Ossuary)
  A ribbon worm (D:4)
  4 dart slugs
  5 orcs
  6 bats
  9 endoplasms
  6 giant cockroaches
  5 gnoll zombies (Ossuary)
  9 goblins
  13 hobgoblins
  3 jackals (D:4)
  5 quokkas
  10 ball pythons
  3 frilled lizards
  5 jackal zombies (Ossuary)
  14 kobolds
  5 orc zombies (Ossuary)
  9 rats
148 creatures vanquished.

Notes
Turn   | Place    | Note
-------+----------+-------------------------------------------
     0 | D:1      | TobyRickard the Minotaur Berserker began the quest for the
                  | Orb.
     0 | D:1      | Reached XP level 1. HP: 19/19 MP: 0/0
   203 | D:1      | Found a transporter.
   205 | D:1      | Found Meggi's Weapon Emporium.
   285 | D:1      | Found a transporter.
   329 | D:1      | Found Odio's General Store.
   393 | D:1      | Reached XP level 2. HP: 19/27 MP: 1/1
   448 | D:1      | Found Zugraow's Antique Weapon Emporium.
   498 | D:1      | Found Uqoemme's Distillery.
   840 | D:2      | Found Zaniderr's Weapon Shop.
   911 | D:2      | Reached XP level 3. HP: 33/33 MP: 2/2
  1008 | D:2      | Noticed Robin
  1023 | D:2      | Reached ** piety under Trog
  1036 | D:2      | Killed Robin
  1037 | D:2      | Reached XP level 4. HP: 41/41 MP: 3/3
  1120 | D:2      | Noticed a phantom
  1129 | D:2      | Killed a phantom
  1130 | D:2      | Reached XP level 5. HP: 47/47 MP: 4/4
  1646 | D:3      | Noticed Sigmund
  1661 | D:3      | Killed Sigmund
  1662 | D:3      | Reached skill level 5 in Fighting
  1662 | D:3      | Reached skill level 5 in Polearms
  1662 | D:3      | Reached XP level 6. HP: 56/56 MP: 5/5
  1730 | D:3      | Identified the +1 helmet "Ybam" {Harm rPois rF++ Int-3}
  1743 | D:3      | Found a glowing drain.
  1772 | Sewer    | Entered a sewer
  1808 | Sewer    | Reached *** piety under Trog
  2579 | D:4      | Noticed Ijyb
  2586 | D:4      | Killed Ijyb
  2636 | D:4      | Found an ancient bone altar of Kikubaaqudgha.
  2704 | D:4      | Noticed Edmund
  2711 | D:4      | Killed Edmund
  2712 | D:4      | Reached skill level 5 in Armour
  2712 | D:4      | Reached XP level 7. HP: 62/62 MP: 6/6
  2736 | D:4      | Found a runed translucent gate.
  2736 | D:4      | Found a runed translucent gate.
  2736 | D:4      | Found a runed translucent gate.
  2759 | D:4      | Noticed samurai2's ghost (amateur MiFi)
  2770 | D:4      | Killed samurai2's ghost
  2771 | D:4      | Reached skill level 5 in Dodging
  2870 | D:4      | Found a broken altar of Ashenzari.
  2905 | D:4      | Noticed Blork the orc
  2915 | D:4      | Killed Blork the orc
  2916 | D:4      | Reached XP level 8. HP: 51/71 MP: 7/7
  3052 | D:4      | Found a sand-covered staircase.
  3068 | Ossuary  | Entered an ossuary
  3286 | Ossuary  | Reached **** piety under Trog
  3394 | D:4      | Found a shimmering altar of Xom.
  3593 | D:5      | Entered Level 5 of the Dungeon
  3605 | D:5      | HP: 3/73 [steam dragon/ball of steam (24)]
  3606 | D:5      | Engulfed by a steam dragon's steam

Illustrated notes

Levels and vault maps discovered:
D:1:      eino_arrival_tree_alley, layout_basic, serial_shops,
          nicolae_shop_drivethru, nicolae_shop_tiny_real_fake_doors,
          nicolae_shop_hallway_stairs, shop
D:2:      layout_rooms, serial_shops, nicolae_shop_stone, uniq_robin
D:3:      layout_basic, gup_sewer_entry_glass, amethyst_killhole, uniq_sigmund
D:4:      layout_rooms, evilmike_ruin_ashenzari, marbit_many_paths,
          xom_teletrap_fun, gammafunk_ghost_necromancy, enter_ossuary_1,
          chequers_serial_rivers_room_a, grunt_ministairs_14,
          uniq_blork_the_orc, uniq_edmund, uniq_ijyb
D:5:      layout_loops_ring, mainiacjoe_overflow_cross_hatched,
          ebering_ghost_reflecting_pool, uniq_eustachio, uniq_pikel

Skill      XL: |  1  2  3  4  5  6  7  8 |
---------------+-------------------------+-----
Fighting       | 4 5 6 7 |  7.5
Polearms       | 4 5 6 7 |  7.5
Armour         | 3 4 5 6 |  6.9
Dodging        | 3 4 5 6 |  6.4

Action                     |  1- 3 |  4- 6 |  7- 9 || total
---------------------------+-------+-------+-------++-------
  Melee: Spear             |   172 |    75 |       ||   247
         Headbutt          |    44 |    19 |    25 ||    88
         Punch             |       |     1 |       ||     1
         Halberd           |       |    56 |   133 ||   189
 Invoke: Berserk           |     1 |     3 |     2 ||     6
   Stab: Sleeping          |     2 |       |       ||     2
 Armour: Animal skin       |    24 |     5 |       ||    29
         Leather armour    |       |    45 |    45 ||    90
  Dodge: Dodged            |    45 |   119 |   107 ||   271
